 Dungeon Crawl Stone Soup version 0.20.1-1-g8b1a95d (webtiles) character file.

11909 Savaroth the Fighter (level 11, -2/156 HPs)
             Began as a Minotaur Berserker on Aug 5, 2017.
             Was a High Priest of Trog.
             Succumbed to a spiny frog's poison
             ... on level 2 of the Lair of Beasts.
             The game lasted 00:23:09 (8749 turns).

Savaroth the Fighter (Minotaur Berserker)           Turns: 8749, Time: 00:23:09

Health: -2/156     AC: 20    Str: 28    XL:     11   Next: 55%
Magic:  10/10      EV: 12    Int:  4    God:    Trog [*****.]
Gold:   677        SH:  0    Dex: 12    Spells: 10/10 levels left

rFire    . . .     SeeInvis .   E - +2 battleaxe (vamp)
rCold    . . .     Gourm    .   (shield currently unavailable)
rNeg     . . .     Faith    .   F - +0 plate armour
rPois    .         Spirit   .   (helmet restricted)
rElec    .         Reflect  .   t - +2 cloak
rCorr    .         Harm     .   (no gloves)
MR       .....                  M - +1 pair of boots
Stlth    ..........             (no amulet)
Regen    0.4/turn               b - +5 ring of slaying
MPRegen  0.2/turn               l - ring of flight

@: berserking, lethally poisoned (-2 -> -63), very quick
A: retaliatory headbutt, horns 2
a: Berserk, Trog's Hand, Brothers in Arms, Burn Spellbooks, Renounce Religion,
Evoke Flight


You were on level 2 of the Lair of Beasts.
You worshipped Trog.
Trog was extremely pleased with you.
You were not hungry.

You visited 2 branches of the dungeon, and saw 11 of its levels.

You collected 677 gold pieces.

Inventory:

Hand Weapons
 E - a +2 vampiric battleaxe (weapon)
 J - a +3 battleaxe of electrocution
Armour
 t - a +2 cloak (worn)
 y - a +0 pair of boots
 F - a +0 plate armour (worn)
 I - the +1 robe of Nugriunt {+Inv +Fly Int+5}
   (You found it on level 9 of the Dungeon)

   It affects your intelligence (+5).
   It lets you turn invisible.
   It lets you fly.
 M - a +1 pair of boots (worn)
Jewellery
 b - a +5 ring of slaying (left hand)
 l - a ring of flight (right hand)
 N - an uncursed amulet of faith
Wands
 B - a wand of lightning (7/15)
 O - a wand of iceblast (5/15)
Scrolls
 a - 2 scrolls of amnesia {unknown}
 f - 6 scrolls of teleportation {unknown}
 h - 10 scrolls of identify
 p - a scroll of enchant weapon {unknown}
 r - 2 scrolls of random uselessness {unknown}
 x - 2 scrolls of enchant armour {unknown}
 C - 4 scrolls of remove curse
 D - a scroll of fog {unknown}
 G - 2 scrolls of recharging {unknown}
Potions
 e - 3 potions of cancellation {unknown}
 g - a potion of lignification {unknown}
 i - 3 potions of agility {unknown}
 j - a potion of might
 k - a potion of resistance {unknown}
 m - 6 potions of mutation {unknown}
 n - 4 potions of flight {unknown}
 o - a potion of degeneration {unknown}
 q - 6 potions of heal wounds {unknown}
 s - 5 potions of curing {unknown}
 u - 2 potions of brilliance {unknown}
 v - 2 potions of haste {unknown}
Books
 w - a book of Battle

   Spells                             Type                      Level
   a - Infusion                       Charms                       1
   b - Shroud of Golubria             Charms/Translocation         2
   c - Song of Slaying                Charms                       2
   d - Spectral Weapon                Hexes/Charms                 3
   e - Regeneration                   Charms/Necromancy            3
   Trog disapproves of the use of such an item.
 z - a book of Air

   Spells                             Type                      Level
   a - Shock                          Conjuration/Air              1
   b - Swiftness                      Charms/Air                   2
   c - Static Discharge               Conjuration/Air              3
   d - Airstrike                      Air                          4
   e - Lightning Bolt                 Conjuration/Air              5
   Trog disapproves of the use of such an item.
 A - a book of Battle

   Spells                             Type                      Level
   a - Infusion                       Charms                       1
   b - Shroud of Golubria             Charms/Translocation         2
   c - Song of Slaying                Charms                       2
   d - Spectral Weapon                Hexes/Charms                 3
   e - Regeneration                   Charms/Necromancy            3
   Trog disapproves of the use of such an item.
 K - a book of Beasts

   Spells                             Type                      Level
   a - Summon Butterflies             Summoning                    1
   b - Call Canine Familiar           Summoning                    3
   c - Summon Ice Beast               Ice/Summoning                4
   d - Summon Mana Viper              Hexes/Summoning              5
   e - Summon Hydra                   Summoning                    7
   Trog disapproves of the use of such an item.
Comestibles
 c - 14 bread rations
 d - 6 royal jellies
 H - a meat ration
 L - 2 fruits


   Skills:
 + Level 11.7 Fighting
 + Level 11.6 Axes
 + Level 10.9 Armour
 + Level 10.3 Dodging


You had 10 spell levels left.
You didn't know any spells.

Dungeon Overview and Level Annotations

Branches:
Dungeon (9/15)             Temple (0/1) D:4            Lair (2/6) D:9
 Shoals (0/4) Lair:2          Orc (0/2) D:9
  Snake: Lair:2-4    Spider: Lair:2-4

Altars:
Cheibriados
Dithmenos
Elyvilon
Makhleb
Nemelex Xobeh
Sif Muna
Vehumet
Yredelemnul
Beogh

Shops:
D:8 (


Innate Abilities, Weirdness & Mutations

You reflexively headbutt those who attack you in melee.
You have a pair of horns on your head.


Message History

The spiny frog is heavily wounded.
You feel very sick. The spiny frog misses you. The spiny frog stings you!
You are more poisoned.
The spiny frog poisons you!
You barely miss the spiny frog.
The spiny frog is heavily wounded.
* * * LOW HITPOINT WARNING * * *
You feel extremely sick. The spiny frog stings you!
* * * LOW HITPOINT WARNING * * *
You barely miss the spiny frog.
The spiny frog is heavily wounded.
* * * LOW HITPOINT WARNING * * *
You feel very sick. The spiny frog stings you!
* * * LOW HITPOINT WARNING * * *
A red film seems to cover your vision as you go berserk!
You feel yourself moving faster!
You feel mighty!
You feel a lot more hungry.
You die...

.... ..... #####
..... #≈≈≈## .....#
≈≈≈≈≈# ####...#
≈>≈≈≈# ##......##
≈≈≈≈# ###........#
≈≈###
####.##F##..#.#
##### ####P....@##
#... #.#.#
#.........# ...
...## ##........##
. ...####
##......#.# ....#.#
#.......## ..>..##
###......#
......###.....P..#
....÷.#.#....##....
#.......#....# P###


You could see a spiny frog.

Vanquished Creatures
  Erica (D:9)
  2 two-headed ogres
  Maurice (D:9)
  7 spiny frogs
  A rime drake (Lair:1)
  5 blink frogs (Lair:2)
  A spriggan (D:7)
  8 yaks
  3 basilisks
  Grum (D:8)
  3 water moccasins
  4 porcupines
  3 sky beasts
  3 ice beasts
  3 orc warriors
  The ghost of Savaroth the Skirmisher, an amateur MiBe of Trog (D:3)
  A phantom (D:7)
  A black bear (D:8)
  2 wolves
  3 ogres
  2 centaurs
  A crocodile (Lair:1)
  3 big kobolds
  A gnoll sergeant (D:8)
  3 bullfrogs
  A water moccasin skeleton (D:9)
  4 scorpions
  4 killer bees (D:9)
  2 howler monkeys
  2 crimson imps
  2 jellies
  A hound (D:5)
  7 orc priests
  Crazy Yiuf (D:7)
  Natasha (thrice) (D:3)
  8 orc wizards
  3 worker ants
  A killer bee zombie (D:8)
  A hound zombie (D:6)
  Robin (D:2)
  9 gnolls
  8 adders
  3 shadow imps
  2 oozes (D:7)
  An adder skeleton (D:4)
  3 worms
  4 dart slugs
  A leopard gecko (D:2)
  33 orcs
  3 ball pythons
  2 giant cockroaches
  18 goblins
  6 hobgoblins
  17 jackals
  4 quokkas
  6 bats
  5 frilled lizards
  21 kobolds
  A quokka skeleton (D:4)
  6 rats
258 creatures vanquished.

Notes
Turn   | Place    | Note
-------+----------+-------------------------------------------
     0 | D:1      | Savaroth the Minotaur Berserker began the quest for the Orb.
     0 | D:1      | Reached XP level 1. HP: 19/19 MP: 0/0
   112 | D:1      | Reached XP level 2. HP: 20/27 MP: 1/1
   431 | D:1      | Reached ** piety under Trog
   709 | D:1      | Reached XP level 3. HP: 24/33 MP: 2/2
   952 | D:2      | Noticed Robin
   958 | D:2      | Killed Robin
   968 | D:2      | Reached XP level 4. HP: 30/40 MP: 3/3
  1049 | D:2      | Found a white marble altar of Elyvilon.
  1500 | D:3      | Found a sparkling altar of Nemelex Xobeh.
  1519 | D:3      | Noticed Natasha
  1520 | D:3      | Reached *** piety under Trog
  1530 | D:3      | Killed Natasha
  1784 | D:3      | Found a deep blue altar of Sif Muna.
  1835 | D:3      | Noticed Natasha
  1849 | D:3      | Killed Natasha
  1849 | D:3      | Reached XP level 5. HP: 37/47 MP: 4/4
  1870 | D:3      | Noticed Savaroth's ghost (amateur MiBe)
  1885 | D:3      | Killed Savaroth's ghost
  1885 | D:3      | Reached skill level 5 in Axes
  2237 | D:3      | Noticed Natasha
  2246 | D:3      | Killed Natasha
  2246 | D:3      | Reached skill level 5 in Fighting
  2246 | D:3      | Reached XP level 6. HP: 48/56 MP: 5/5
  2302 | D:3      | Found a faded altar of an unknown god.
  2448 | D:4      | Found a staircase to the Ecumenical Temple.
  2782 | D:4      | Noticed a sky beast
  2801 | D:4      | Killed a sky beast
  2801 | D:4      | Reached skill level 5 in Armour
  2801 | D:4      | Reached XP level 7. HP: 61/61 MP: 6/6
  2993 | D:4      | Found a snail-covered altar of Cheibriados.
  3034 | D:5      | Entered Level 5 of the Dungeon
  3190 | D:5      | Found a shadowy altar of Dithmenos.
  3193 | D:5      | Found a basalt altar of Yredelemnul.
  3217 | D:5      | Reached skill level 5 in Dodging
  3274 | D:5      | Found a burning altar of Makhleb.
  3444 | D:5      | Reached XP level 8. HP: 55/71 MP: 7/7
  3885 | D:6      | Reached **** piety under Trog
  4806 | D:7      | Reached XP level 9. HP: 66/81 MP: 8/8
  4934 | D:7      | Found a runed door.
  4938 | D:7      | Noticed Crazy Yiuf
  4941 | D:7      | Killed Crazy Yiuf
  5094 | D:8      | Noticed Grum
  5109 | D:8      | Killed Grum
  5506 | D:8      | Found Efuptie's Antique Weapon Emporium.
  5519 | D:8      | Noticed a two-headed ogre
  5542 | D:8      | Killed a two-headed ogre
  5542 | D:8      | Reached XP level 10. HP: 76/91 MP: 9/9
  5699 | D:8      | Reached ***** piety under Trog
  5838 | D:9      | Noticed a two-headed ogre
  5844 | D:9      | Killed a two-headed ogre
  5844 | D:9      | Reached skill level 10 in Fighting
  6000 | D:9      | Reached skill level 10 in Axes
  6083 | D:9      | Noticed Maurice
  6131 | D:9      | Noticed Erica
  6143 | D:9      | Killed Erica
  6167 | D:9      | Killed Maurice
  6186 | D:9      | Found a staircase to the Lair.
  6322 | D:9      | Found a staircase to the Orcish Mines.
  6438 | D:9      | Found a roughly hewn altar of Beogh.
  6525 | D:9      | Found a shadowy altar of Dithmenos.
  6526 | D:9      | Found a radiant altar of Vehumet.
  7087 | D:9      | Got a ripped robe
  7090 | D:9      | Identified the +1 robe of Nugriunt {+Inv +Fly Int+5} (You found it on level 9 of the Dungeon)
  7204 | Lair:1   | Entered Level 1 of the Lair of Beasts
  7272 | Lair:1   | Reached skill level 10 in Armour
  7597 | Lair:1   | Noticed a spiny frog
  7605 | Lair:1   | Killed a spiny frog
  7605 | Lair:1   | Reached XP level 11. HP: 89/102 MP: 10/10
  8237 | Lair:2   | Reached skill level 10 in Dodging
  8313 | Lair:2   | Found a staircase to the Shoals.
  8355 | Lair:2   | Received a gift from Trog
  8748 | Lair:2   | HP: 2/104 [spiny frog (10)]
  8749 | Lair:2   | Succumbed to a spiny frog's poison

Skill      XL: |  1  2  3  4  5  6  7  8  9 10 11 |
---------------+----------------------------------+-----
Armour         | 3 4 5 6 7 8 10 | 10.9
Axes           | 4 5 6 8 9 10 11 | 11.6
Fighting       | 4 5 6 8 9 11 | 11.7
Dodging        | 3 4 5 6 8 9 10 | 10.3

Action                   |  1- 3 |  4- 6 |  7- 9 | 10-12 || total
-------------------------+-------+-------+-------+-------++-------
Melee: Hand axe          |    79 |   112 |   152 |       ||   343
       Headbutt          |    12 |    23 |    60 |    26 ||   121
       War axe           |       |       |    65 |       ||    65
       Battleaxe         |       |       |    17 |   153 ||   170
Invok: Berserk           |       |     1 |     3 |     4 ||     8
  Use: Scroll            |       |     4 |     2 |     5 ||    11
 Stab: Sleeping          |     1 |       |       |       ||     1
  Eat: Chunk             |       |     3 |     9 |       ||    12
       Meat ration       |       |     1 |       |       ||     1
       Fruit             |       |       |     2 |       ||     2
       Bread ration      |       |       |     1 |     3 ||     4
       Royal jelly       |       |       |     1 |       ||     1
Armor: Animal skin       |     3 |       |       |       ||     3
       Chain mail        |    24 |    52 |   130 |       ||   206
       Ring mail         |     4 |       |       |       ||     4
       Scale mail        |       |       |    22 |       ||    22
       Plate armour      |       |       |     6 |   127 ||   133
Dodge: Dodged            |    46 |    47 |   157 |   111 ||   361
